 Dungeon Crawl Stone Soup version 0.21.1-1-g345015f (webtiles) character file.

329 tidbits the Sneak (level 6, 43/44 HPs)
             Began as a Gnoll Enchanter on June 15, 2018.
             Quit the game on level 7 of the Dungeon.
             The game lasted 00:07:17 (907 turns).

tidbits the Sneak (Gnoll Enchanter)                  Turns: 907, Time: 00:07:18

Health: 43/44      AC:  3    Str: 10    XL:     6   Next: 50%
Magic:  0/14       EV: 15    Int: 19    God:
Gold:   144        SH:  0    Dex: 16    Spells: 6/15 levels left

rFire    . . .     SeeInvis +   a - +1 dagger
rCold    . . .     Gourm    .   (no shield)
rNeg     . . .     Faith    .   p - +0 robe {MR+}
rPois    +         Spirit   .   (no helmet)
rElec    .         Reflect  .   (no cloak)
rCorr    .         Harm     .   (no gloves)
MR       +....                  F - +0 pair of boots
Stlth    +++.......             (no amulet)
HPRegen  0.14/turn              i - ring of see invisible
MPRegen  0.14/turn              j - ring of poison resistance

@: no status effects
A: distributed training, fangs 1, strong nose
a: no special abilities


You were on level 7 of the Dungeon.
You were hungry.

You visited 1 branch of the dungeon, and saw 7 of its levels.

You collected 144 gold pieces.

Inventory:

Hand Weapons
 a - a +1 dagger (weapon)
 t - a +0 spear
 y - a +0 war axe
 z - a +0 quarterstaff
Missiles
 e - 56 stones (quivered)
 m - 56 arrows
 r - 3 curare-tipped needles
 v - 3 tomahawks
Armour
 b - a +0 robe
 p - a +0 robe of magic resistance (worn)
   (You found it on level 1 of the Dungeon)
 F - a +0 pair of boots (worn)
Jewellery
 i - a ring of see invisible (left hand)
   (You found it on level 1 of the Dungeon)
 j - a ring of poison resistance (right hand)
   (You took it off a hobgoblin on level 1 of the Dungeon)
Scrolls
 g - 3 scrolls of remove curse {unknown}
 k - a scroll of random uselessness {unknown}
 l - 2 scrolls of magic mapping {unknown}
 o - 3 scrolls of identify {unknown}
 q - a scroll of teleportation {unknown}
 s - a scroll of fear {unknown}
 w - 3 scrolls of fog {unknown}
 A - a scroll of immolation {unknown}
Potions
 f - 2 potions of brilliance {unknown}
 h - a potion of might {unknown}
 n - a potion of degeneration {unknown}
 u - a potion of curing {unknown}
 x - a potion of magic {unknown}
Books
 c - a book of Maledictions

   Spells                             Type                      Level
   a - Corona                         Hexes                        1
   b - Ensorcelled Hibernation        Hexes/Ice                    2
   c - Confuse                        Hexes                        3
   d - Tukima's Dance                 Hexes                        3
   e - Dazzling Spray                 Conjuration/Hexes            3
Comestibles
 d - 5 rations


   Skills:
 + Level 2.0 Fighting
 + Level 3.2 Short Blades
 + Level 2.0 Long Blades
 + Level 2.0 Axes
 + Level 2.0 Maces & Flails
 + Level 2.0 Polearms
 + Level 2.0 Staves
 + Level 2.0 Slings
 + Level 2.0 Bows
 + Level 2.0 Crossbows
 + Level 2.0 Throwing
 + Level 2.0 Armour
 + Level 5.0 Dodging
 + Level 6.3 Stealth
 + Level 2.0 Shields
 + Level 2.0 Unarmed Combat
 + Level 5.3 Spellcasting
 + Level 1.5 Conjurations
 + Level 5.6 Hexes
 + Level 1.5 Charms
 + Level 1.5 Summonings
 + Level 1.5 Necromancy
 + Level 1.5 Translocations
 + Level 1.5 Transmutations
 + Level 1.5 Fire Magic
 + Level 1.5 Ice Magic
 + Level 1.5 Air Magic
 + Level 1.5 Earth Magic
 + Level 1.5 Poison Magic
 + Level 2.1 Invocations
 + Level 2.0 Evocations


You had 6 spell levels left.
You knew the following spells:

 Your Spells              Type           Power        Failure   Level  Hunger
a - Corona                Hex            ####...      1%          1    None
c - Confuse               Hex            ####....     3%          3    ##.....
d - Dazzling Spray        Conj/Hex       ###...       9%          3    ##.....
e - Ensorcelled Hibernat  Hex/Ice        ###...       4%          2    None


Dungeon Overview and Level Annotations

Branches:
Dungeon (7/15)
 Temple: D:4-7

Altars:
Kikubaaqudgha
Nemelex Xobeh
Vehumet

Annotations:
D:4 exclusion: statue


Innate Abilities, Weirdness & Mutations

Your experience applies equally to all skills.
You have very sharp teeth.
Your uncanny sense of smell can sniff out nearby items.


Message History

Your Crossbows skill increases to level 2!
Your Throwing skill increases to level 2!
Your Armour skill increases to level 2!
Your Dodging skill increases to level 5!
Your Shields skill increases to level 2!
Your Unarmed Combat skill increases to level 2!
Your Evocations skill increases to level 2!
The crimson imp hits you.
Unknown command.
The crimson imp misses you.
The crimson imp blinks! x2
You see here a giant spiked club.
The crimson imp closely misses you.
The crimson imp blinks!
The crimson imp hits you.
Found 24 stones.
There is an escape hatch in the ceiling here.
The crimson imp blinks!
The crimson imp hits you but does no damage.
There is a stone staircase leading up here.
The crimson imp blinks!
You climb upwards.
There is a stone staircase leading down here.
Unknown command.
You climb downwards.
The crimson imp blinks!
The crimson imp hits you but does no damage.
The crimson imp blinks!
There is a stone staircase leading up here.
Unknown command.
The crimson imp hits you.
The crimson imp blinks!
The crimson imp blinks!
There is a stone staircase leading down here.
The crimson imp barely misses you.
You climb downwards.
An ogre comes into view. It is wielding a giant club.
Found a stone staircase leading down.
There is a stone staircase leading up here.
Found a scroll labeled SEERYP GEUH.
The crimson imp disappears for a moment.
The crimson imp blinks!
Unknown command.
Casting: Ensorcelled Hibernation
Confirm with . or Enter, or press ? or * to list all spells.
Aiming: Confuse
Press: ? - help, Shift-Dir - straight line, f - crimson imp
Aim: a crimson imp (chance to defeat MR: 37%)
The crimson imp resists with some effort.
The crimson imp hits you but does no damage.
Casting: Confuse
Confirm with . or Enter, or press ? or * to list all spells.
Aiming: Confuse
Press: ? - help, Shift-Dir - straight line, f/p - crimson imp
Aim: a crimson imp (chance to defeat MR: 37%)
The crimson imp resists with some effort.
You are feeling hungry.
The crimson imp blinks!
You see here a scroll labeled SEERYP GEUH.
A - a scroll labeled SEERYP GEUH
Casting: Confuse
Confirm with . or Enter, or press ? or * to list all spells.
You don't have enough magic to cast that spell.
The crimson imp barely misses you.
You hit the crimson imp.
The crimson imp is lightly wounded.
The crimson imp barely misses you.
You hit the crimson imp but do no damage.
The crimson imp is lightly wounded.
You hit the crimson imp.
The crimson imp is heavily wounded.
The crimson imp hits you but does no damage.
You miss the crimson imp. Your bite misses the crimson imp.
The crimson imp is moderately wounded.
The crimson imp closely misses you.
You hit the crimson imp.
The crimson imp is heavily wounded.
The crimson imp barely misses you. The crimson imp hits you.
The crimson imp blinks!
The crimson imp blinks!
The crimson imp spits at you.
The ogre shouts!
Casting: Confuse
Confirm with . or Enter, or press ? or * to list all spells.
Aiming: Ensorcelled Hibernation
Press: ? - help, Shift-Dir - straight line, f/p - crimson imp
Aim: a crimson imp (chance to defeat MR: 31%)
The crimson imp easily resists.
The ogre closely misses you.
A quokka comes into view.
Casting: Ensorcelled Hibernation
Confirm with . or Enter, or press ? or * to list all spells.
You don't have enough magic to cast that spell.
Unknown command.
Found a morningstar.
Casting: Ensorcelled Hibernation
Confirm with . or Enter, or press ? or * to list all spells.
Aiming: Ensorcelled Hibernation
Press: ? - help, Shift-Dir - straight line, f/p - crimson imp
Aim: a crimson imp (chance to defeat MR: 31%)
The crimson imp easily resists.
The ogre barely misses you.
Unknown command.
Are you sure you want to abandon this character and quit the game? (Confirm with "yes".)

#. # .. .##. #.
###.... #.#
....... #..
..... ## #.##...
....##..#.#
#.....@.##
######O...##
#......5...#
###..#.###....
##...........
####.........).
#....#r#..####.
######.####.#.##
#.........#...#


You could see an ogre, a crimson imp and a quokka (wandering).

Vanquished Creatures
  2 ogres
  A scorpion (D:4)
  A crimson imp (D:6)
  A hound (D:4)
  A shadow imp (D:5)
  A worm (D:1)
  2 leopard geckos
  An orc (D:4)
  4 bats (D:1)
  A giant cockroach (D:1)
  2 goblins
  6 hobgoblins
  3 jackals (D:1)
  3 frilled lizards
  A quokka skeleton (D:6)
  A rat (D:1)
31 creatures vanquished.

Notes
Turn   | Place    | Note
-------+----------+-------------------------------------------
     0 | D:1      | tidbits the Gnoll Enchanter began the quest for the Orb.
     0 | D:1      | Reached XP level 1. HP: 13/13 MP: 6/6
    80 | D:1      | Reached XP level 2. HP: 14/19 MP: 4/7
    84 | D:1      | Learned a level 2 spell: Ensorcelled Hibernation
   244 | D:1      | Reached XP level 3. HP: 20/25 MP: 1/9
   258 | D:1      | Reached skill level 5 in Spellcasting
   486 | D:4      | Noticed an ogre
   492 | D:4      | Killed an ogre
   492 | D:4      | Reached skill level 1 in Fighting
   492 | D:4      | Reached skill level 1 in Long Blades
   492 | D:4      | Reached skill level 1 in Axes
   492 | D:4      | Reached skill level 1 in Maces & Flails
   492 | D:4      | Reached skill level 1 in Polearms
   492 | D:4      | Reached skill level 1 in Staves
   492 | D:4      | Reached skill level 1 in Slings
   492 | D:4      | Reached skill level 1 in Bows
   492 | D:4      | Reached skill level 1 in Crossbows
   492 | D:4      | Reached skill level 1 in Throwing
   492 | D:4      | Reached skill level 1 in Armour
   492 | D:4      | Reached skill level 6 in Stealth
   492 | D:4      | Reached skill level 1 in Shields
   492 | D:4      | Reached skill level 1 in Unarmed Combat
   492 | D:4      | Reached skill level 1 in Conjurations
   492 | D:4      | Reached skill level 1 in Charms
   492 | D:4      | Reached skill level 1 in Summonings
   492 | D:4      | Reached skill level 1 in Necromancy
   492 | D:4      | Reached skill level 1 in Translocations
   492 | D:4      | Reached skill level 1 in Transmutations
   492 | D:4      | Reached skill level 1 in Fire Magic
   492 | D:4      | Reached skill level 1 in Ice Magic
   492 | D:4      | Reached skill level 1 in Air Magic
   492 | D:4      | Reached skill level 1 in Earth Magic
   492 | D:4      | Reached skill level 1 in Poison Magic
   492 | D:4      | Reached skill level 1 in Invocations
   492 | D:4      | Reached skill level 1 in Evocations
   492 | D:4      | Reached XP level 4. HP: 32/32 MP: 3/11
   517 | D:4      | Reached XP level 5. HP: 37/37 MP: 4/12
   526 | D:4      | Found a radiant altar of Vehumet.
   526 | D:4      | Noticed a frost-covered statue
   571 | D:4      | Reached skill level 3 in Short Blades
   601 | D:5      | Entered Level 5 of the Dungeon
   623 | D:6      | Learned a level 3 spell: Confuse
   627 | D:6      | Learned a level 3 spell: Dazzling Spray
   693 | D:5      | Found an ancient bone altar of Kikubaaqudgha.
   731 | D:6      | Found a sparkling altar of Nemelex Xobeh.
   816 | D:6      | Reached skill level 2 in Invocations
   816 | D:6      | Reached XP level 6. HP: 44/44 MP: 4/13
   856 | D:6      | Reached skill level 2 in Fighting
   856 | D:6      | Reached skill level 2 in Long Blades
   856 | D:6      | Reached skill level 2 in Axes
   856 | D:6      | Reached skill level 2 in Maces & Flails
   856 | D:6      | Reached skill level 2 in Polearms
   856 | D:6      | Reached skill level 2 in Staves
   856 | D:6      | Reached skill level 2 in Slings
   856 | D:6      | Reached skill level 2 in Bows
   856 | D:6      | Reached skill level 2 in Crossbows
   856 | D:6      | Reached skill level 2 in Throwing
   856 | D:6      | Reached skill level 2 in Armour
   856 | D:6      | Reached skill level 5 in Dodging
   856 | D:6      | Reached skill level 2 in Shields
   856 | D:6      | Reached skill level 2 in Unarmed Combat
   856 | D:6      | Reached skill level 2 in Evocations
   907 | D:7      | Quit the game

Skill      XL: |  1  2  3  4  5  6 |
---------------+-------------------+-----
Spellcasting   | 5 |  5.3
Fighting       | 1 2 |  2.0
Long Blades    | 1 2 |  2.0
Axes           | 1 2 |  2.0
Maces & Flails | 1 2 |  2.0
Polearms       | 1 2 |  2.0
Staves         | 1 2 |  2.0
Slings         | 1 2 |  2.0
Bows           | 1 2 |  2.0
Crossbows      | 1 2 |  2.0
Throwing       | 1 2 |  2.0
Armour         | 1 2 |  2.0
Stealth        | 6 |  6.3
Shields        | 1 2 |  2.0
Unarmed Combat | 1 2 |  2.0
Conjurations   | 1 |  1.5
Charms         | 1 |  1.5
Summonings     | 1 |  1.5
Necromancy     | 1 |  1.5
Translocations | 1 |  1.5
Transmutations | 1 |  1.5
Fire Magic     | 1 |  1.5
Ice Magic      | 1 |  1.5
Air Magic      | 1 |  1.5
Earth Magic    | 1 |  1.5
Poison Magic   | 1 |  1.5
Invocations    | 1 2 |  2.1
Evocations     | 1 2 |  2.0
Short Blades   | 3 |  3.2
Dodging        | 5 |  5.0
Hexes          | |  5.6

Action                   |  1- 3 |  4- 6 || total
-------------------------+-------+-------++-------
Melee: Dagger            |    42 |    27 ||    69
       Bite              |     4 |       ||     4
 Cast: Corona            |     8 |       ||     8
       Ensorcelled Hiber |    11 |     8 ||    19
       Confuse           |       |     8 ||     8
 Stab: Sleeping          |    14 |     6 ||    20
       Confused          |       |     2 ||     2
Armor: Robe              |     5 |     7 ||    12
Dodge: Dodged            |    21 |    24 ||    45

Table legend:
 A = Turns spent in this place as a percentage of turns spent in the entire game.
 B = Non-inter-level travel turns spent in this place as a percentage of non-inter-level travel turns spent in the entire game.
 C = Inter-level travel turns spent in this place as a percentage of turns spent in this place.
 D = Turns resting spent in this place as a percentage of non-inter-level travel turns spent in this place.
 E = Turns spent auto-exploring this place as a percentage of non-inter-level travel turns spent in this place.
 F = Non-inter-level travel turns spent in this place divided by the number of levels of this place that you've seen.
                   A       B       C       D       E      F
               +-------+-------+-------+-------+-------+----------------------
         Total | 100.0 | 100.0 |   0.0 |   0.0 |   0.0 | 129.6
       Dungeon | 100.0 | 100.0 |   0.0 |   0.0 |   0.0 | 129.6
               +-------+-------+-------+-------+-------+----------------------

Table legend:
 A = Kills in this place as a percentage of kills in entire the game.
 B = Kills by you in this place as a percentage of kills by you in the entire game.
 C = Kills by friends in this place as a percentage of kills by friends in the entire game.
 D = Other kills in this place as a percentage of other kills in the entire game.
 E = Experience gained in this place as a percentage of experience gained in the entire game.
 F = Experience gained in this place divided by the number of levels of this place that you have seen.
                   A       B       C       D       E      F
               +-------+-------+-------+-------+-------+----------------------
         Total | 100.0 | 100.0 |   N/A |   N/A | 100.0 |  67.1
       Dungeon | 100.0 | 100.0 |   N/A |   N/A | 100.0 |  67.1
               +-------+-------+-------+-------+-------+----------------------

Vault maps used:
D:1:      evilmike_arrival_run_for_it
D:3:      chequers_temple_overflow_statue_of_worship
D:4:      vehumet_statue
D:5:      kennysheep_steamy, kiku_gazebo_pond_becter, serial_shops,
          nicolae_shop_trees, first_ration
D:6:      kennysheep_little_box, marbit_many_paths
D:7:      lemuel_crystal_altar, minmay_temple_entry_butterflies, basic_altar,
          grunt_ogre_cave, uniq_crazy_yiuf_cottage, uniq_menkaure
